[Event "Titled Tuesday Blitz May 23 Late 2023"]
[White "Kaplan, Avi Harrison"]
[Black "Alexikov, Alexander"]
[WhiteFideId "30934559"]
[BlackFideId "14103958"]
[WhiteElo "1983"]
[BlackElo "2186"]
[Result "0-1"]
[Round "08"]
[TimeControl "180+2"]
[Date "2023.05.23"]
[WhiteClock "0:00:10"]
[BlackClock "0:00:18"]

1. d4 Nf6 2. c3 g6 3. g3 Bg7 4. Bg2 d5 5. Nh3 O-O 6. Nf4 c6 7. h4 h6 8. h5 g5 9. Nd3 Nbd7 10. f4 g4 11. Ne5 Nxe5 12. fxe5 Ne4 13. Bf4 Bf5 14. Nd2 Nxd2 15. Qxd2 Kh7 16. O-O e6 17. Rae1 f6 18. e4 dxe4 19. Rxe4 fxe5 20. Bxe5 Qe8 21. Bxg7 Kxg7 22. Rxf5 Rxf5 23. Rxg4+ Kh7 24. Rg6 Rxh5 25. Be4 Qxg6 26. Bxg6+ Kxg6 27. Qd3+ Kg7 28. Qe4 Re8 29. Qf4 Re7 30. Kg2 e5 31. Qe4 Kf6 32. dxe5+ Rhxe5 33. Qf4+ Kg6 34. Qg4+ Rg5 35. Qc4 c5 36. Qg8+ Kf6 37. Qf8+ Rf7 38. Qxh6+ Kf5 39. Qh3+ Kg6 40. Qe6+ Kg7 41. Qe4 b6 42. b4 cxb4 43. cxb4 a5 44. Qd4+ Rf6 45. Qd7+ Kh6 46. Qd8 Rf7 47. Qxb6+ Rg6 48. Qe3+ Kh7 49. b5 a4 50. Qe4 Rg7 51. Qh4+ Rh6 52. Qe4+ Rhg6 53. b6 Kh8 54. Qe8+ Kh7 55. Qe5 Rxb6 56. Qh5+ Rh6 57. Qd1 Rhg6 58. Qd3 Kh8 59. Qd8+ Kh7 60. Qh4+ Kg8 61. Qc4+ Kh7 62. Qe4 Kg8 63. Qa8+ Kh7 64. Kh2 Rxg3 65. Qxa4 R3g4 66. Qb3 Rh4+ 67. Qh3 Rxh3+ 68. Kxh3 Ra7 69. Kg4 Rxa2 70. Kf4 Rd2 71. Ke5 Rd8 72. Ke6 Kg6 73. Ke7 Rd4 74. Ke6 Re4+ 75. Kd5 Kf5 76. Kd6 Rd4+ 77. Kc5 Ke5 78. Kc6 Rd5 79. Kc7 Rd6 80. Kb7 Kd5 81. Kc7 Kc5 82. Kc8 Rh6 83. Kd7 Kd5 84. Ke7 Ra6 85. Kf7 Ke5 86. Kg7 Kf5 87. Kh7 Kg5 88. Kg7 Ra7+ 89. Kf8 Kf6 90. Ke8 Rh7 91. Kd8 Ke6 92. Kc8 Kd6 93. Kb8 Kc6 94. Ka8 Kb6 95. Kb8 Rh8# 0-1


[Site "https://www.chess.com"]

[Event "Titled Tuesday Blitz May 23 Late 2023"]
[White "Srdanovic, Jovana"]
[Black "Sarkar, Justin"]
[WhiteFideId "954810"]
[BlackFideId "2010011"]
[WhiteElo "2169"]
[BlackElo "2168"]
[Result "0-1"]
[Round "08"]
[TimeControl "180+2"]
[Date "2023.05.23"]
[WhiteClock "0:00:14"]
[BlackClock "0:00:04"]

1. d4 Nf6 2. c4 b5 3. cxb5 a6 4. e3 e6 5. Nf3 axb5 6. Bxb5 c5 7. O-O cxd4 8. exd4 Be7 9. Nc3 O-O 10. d5 Bb4 11. Bg5 Bxc3 12. bxc3 h6 13. Bh4 Ba6 14. Bxa6 Nxa6 15. c4 Nc5 16. Qd4 d6 17. dxe6 fxe6 18. Rfd1 Ra6 19. Ne5 Qe8 20. Ng4 Nxg4 21. Qxg4 Qf7 22. Bg3 e5 23. Rd2 Nb3 24. Rdd1 Nxa1 25. Rxa1 Ra4 26. h4 Rxc4 27. Qe2 Rfc8 28. a4 Rc1+ 29. Rxc1 Rxc1+ 30. Kh2 Qc4 31. Qd2 Qc6 32. a5 Rc2 33. Qd3 e4 34. Qxd6 Qxd6 35. Bxd6 Rxf2 36. Bc5 Ra2 37. Bb6 Kf7 38. Kg3 Ke6 39. Kf4 Kd5 40. g4 Ra3 41. g5 h5 42. g6 Rf3+ 43. Kg5 e3 44. a6 e2 45. a7 Ra3 46. Bf2 Rxa7 47. Kxh5 Ra5 48. Kg4 Ke4 49. h5 Ra1 50. Kg5 Rf1 51. Bh4 e1=Q 52. Bxe1 Rxe1 53. h6 Rg1+ 54. Kh5 Rh1+ 55. Kg5 Rxh6 56. Kg4 Rxg6+ 57. Kh5 Kf5 58. Kh4 Kf4 59. Kh3 Rf6 60. Kh2 Kf3 61. Kh1 Rg6 62. Kh2 Rg5 63. Kh1 Kf2 64. Kh2 Rh5# 0-1


[Site "https://www.chess.com"]

[Event "Titled Tuesday Blitz May 23 Late 2023"]
[White "Celestino, Rafael Teixeira"]
[Black "merinasian"]
[WhiteFideId "2108925"]
[WhiteElo "2355"]
[BlackElo "2449"]
[Result "1-0"]
[Round "08"]
[TimeControl "180+2"]
[Date "2023.05.23"]
[WhiteClock "0:00:03"]
[BlackClock "0:00:00"]

1. e4 c6 2. Nf3 d5 3. Nc3 dxe4 4. Nxe4 Nf6 5. Neg5 e6 6. Ne5 Qd5 7. d4 Bd6 8. Nexf7 O-O 9. c4 Qa5+ 10. Bd2 Bb4 11. Ne5 h6 12. Ngf3 Ne4 13. Bd3 Nxd2 14. Nxd2 c5 15. dxc5 Qxc5 16. Nf3 Rd8 17. Qe2 Bxd2+ 18. Qxd2 Nc6 19. O-O e5 20. Qe2 Bg4 21. h3 Nd4 22. Qe4 Bxf3 23. gxf3 Rd6 24. b4 Qc7 25. Kh1 Rf6 26. Rg1 g5 27. Rg3 Raf8 28. Qd5+ Kg7 29. Re1 Re8 30. h4 Rg6 31. Bxg6 Kxg6 32. hxg5 hxg5 33. Qe4+ Kf6 34. Qg4 Rg8 35. Kg2 Nf5 36. Rh3 Nh4+ 37. Kg1 Ng6 38. Rh6 Qg7 39. Rh5 Nf4 40. Rh2 Qg6 41. Rd1 Ne6 42. c5 1-0


[Site "https://www.chess.com"]

[Event "Titled Tuesday Blitz May 23 Late 2023"]
[White "Buchenau, Frank"]
[Black "Prieto Aranguren, Alain"]
[WhiteFideId "4604350"]
[BlackFideId "2268906"]
[WhiteElo "2157"]
[BlackElo "2209"]
[Result "1-0"]
[Round "08"]
[TimeControl "180+2"]
[Date "2023.05.23"]
[WhiteClock "0:00:42"]
[BlackClock "0:00:55"]

1. e4 c6 2. Nf3 d5 3. Nc3 Bg4 4. d4 e6 5. h3 Bh5 6. Bd3 Nf6 7. e5 Nfd7 8. g4 Bg6 9. Bxg6 hxg6 10. Ne2 c5 11. c3 Nc6 12. Kf1 Qb6 13. Kg2 Rc8 14. Rb1 cxd4 15. cxd4 Qa6 16. a3 Nb6 17. b3 Na5 18. h4 Be7 19. h5 gxh5 20. gxh5 Qb5 21. Bd2 Bxa3 22. Nf4 Bb4 23. Rh3 Bxd2 24. Qxd2 Nc6 25. Rg3 Kf8 26. Rg1 Qb4 27. Qd3 Na5 28. Ng5 Rc6 29. Nxf7 Qe7 30. Ng6+ 1-0


[Site "https://www.chess.com"]

[Event "Titled Tuesday Blitz May 23 Late 2023"]
[White "Yeritsyan, Hayk"]
[Black "Weinstein, Joshua Ross"]
[WhiteFideId "13307320"]
[BlackFideId "30927714"]
[WhiteElo "2446"]
[BlackElo "2339"]
[Result "0-1"]
[Round "08"]
[TimeControl "180+2"]
[Date "2023.05.23"]
[WhiteClock "0:00:27"]
[BlackClock "0:00:12"]

1. d4 Nf6 2. Nf3 g6 3. Bf4 Bg7 4. h3 c5 5. e3 cxd4 6. exd4 O-O 7. c3 Nc6 8. Be2 d6 9. O-O h6 10. Bh2 Be6 11. Nbd2 Qb6 12. Rb1 Bf5 13. Nc4 Qc7 14. Ra1 b5 15. Ne3 Bd7 16. Re1 Rfb8 17. a3 a5 18. Bf1 b4 19. axb4 axb4 20. c4 Rxa1 21. Qxa1 Qb7 22. c5 Ra8 23. Qc1 d5 24. Qc2 b3 25. Qd3 Ra2 26. Ne5 Rxb2 27. Nxd7 Nxd7 28. Nxd5 e6 29. Qb5 Qxb5 30. Bxb5 Nxd4 31. Bxd7 exd5 32. c6 Re2 33. Rxe2 Nxe2+ 34. Kf1 b2 35. c7 b1=Q+ 36. Kxe2 Qe4+ 37. Kf1 Qc4+ 38. Ke1 Qe4+ 39. Kf1 Qc4+ 40. Ke1 Bc3+ 41. Kd1 Qd3+ 42. Kc1 Qd2+ 43. Kb1 Qb2# 0-1


[Site "https://www.chess.com"]

[Event "Titled Tuesday Blitz May 23 Late 2023"]
[White "Wizard_of_Odds"]
[Black "Shapiro, Daniel"]
[BlackFideId "2001780"]
[WhiteElo "2439"]
[BlackElo "2339"]
[Result "1-0"]
[Round "08"]
[TimeControl "180+2"]
[Date "2023.05.23"]
[WhiteClock "0:00:04"]
[BlackClock "0:00:00"]

1. Nf3 Nf6 2. c4 e6 3. b3 d5 4. e3 c6 5. Bb2 Bd6 6. d4 b6 7. Bd3 Nbd7 8. O-O O-O 9. Nbd2 Qe7 10. Ne5 Bb7 11. Qc2 Rac8 12. Rad1 c5 13. Qb1 h6 14. Rfe1 Rfd8 15. h3 Nf8 16. cxd5 exd5 17. Bf5 Rc7 18. Ndf3 Ne4 19. dxc5 bxc5 20. Qa1 f6 21. Ng6 Nxg6 22. Bxg6 Ng5 23. Nh4 Qe6 24. Bf5 Qf7 25. f4 Ne6 26. Bg4 Re7 27. Nf5 Qf8 28. Nxe7+ Qxe7 29. Bf3 d4 30. Bxb7 Qxb7 31. exd4 Nxf4 32. d5 Nxd5 33. Qb1 Nf4 34. Qe4 Qxe4 35. Rxe4 Ng6 36. Rde1 Kf7 37. Kh1 a5 38. Rd1 1-0


[Site "https://www.chess.com"]

[Event "Titled Tuesday Blitz May 23 Late 2023"]
[White "D`Arruda, Ricardo D."]
[Black "Alahakoon, Isuru"]
[WhiteFideId "100692"]
[BlackFideId "9900993"]
[WhiteElo "2435"]
[BlackElo "1953"]
[Result "1-0"]
[Round "08"]
[TimeControl "180+2"]
[Date "2023.05.23"]
[WhiteClock "0:01:55"]
[BlackClock "0:00:20"]

1. d4 d5 2. Nf3 Bf5 3. c4 e6 4. Nc3 Nc6 5. a3 dxc4 6. e4 Bg4 7. Be3 Na5 8. Bxc4 Nxc4 9. Qa4+ c6 10. Qxc4 Bxf3 11. gxf3 Nf6 12. h4 Nh5 13. O-O-O Bd6 14. d5 cxd5 15. exd5 e5 16. Kb1 O-O 17. Rhg1 Rc8 18. Qg4 Qa5 19. Qxh5 Bxa3 20. Rxg7+ Kxg7 21. Qh6+ Kh8 22. Qf6+ Kg8 23. Rg1# 1-0


[Site "https://www.chess.com"]

[Event "Titled Tuesday Blitz May 23 Late 2023"]
[White "ThaBarWa"]
[Black "Pires, Marcos Vinicius Torsani"]
[BlackFideId "2118939"]
[WhiteElo "2327"]
[BlackElo "2273"]
[Result "1-0"]
[Round "08"]
[TimeControl "180+2"]
[Date "2023.05.23"]
[WhiteClock "0:00:13"]
[BlackClock "0:00:06"]

1. d4 Nf6 2. c4 g6 3. Nc3 Bg7 4. Nf3 O-O 5. Bg5 d6 6. e3 b6 7. Be2 Bb7 8. O-O Nbd7 9. Qc2 e6 10. Rad1 a6 11. Rfe1 Qe8 12. b4 e5 13. d5 Nh5 14. Nd2 f5 15. Bxh5 gxh5 16. e4 f4 17. f3 Bf6 18. Bxf6 Rxf6 19. Nb3 Qe7 20. Qf2 Kh8 21. Qh4 Qf7 22. Kh1 Rg8 23. Rd2 Bc8 24. Nd1 Qg7 25. Nb2 Nf8 26. Nd3 Qh6 27. c5 Rg5 28. cxb6 cxb6 29. Rc1 Bd7 30. Rc7 Ng6 31. Qf2 Rf7 32. Qxb6 Nh4 33. Ne1 Rfg7 34. Qb8+ Rg8 35. Qa7 Bh3 36. gxh3 Rg1+ 37. Qxg1 Rxg1+ 38. Kxg1 Qg6+ 39. Kf2 h6 40. Rdc2 Nf5 41. Rb7 Ng7 42. Rc8+ Kh7 43. Rcc7 Qf6 44. Rxg7+ Kh8 45. Rh7+ Kg8 46. Rbg7+ Kf8 47. Rf7+ 1-0


[Site "https://www.chess.com"]

[Event "Titled Tuesday Blitz May 23 Late 2023"]
[White "Rose, Felix"]
[Black "Golubev, Mikhail"]
[WhiteFideId "5105722"]
[BlackFideId "14100983"]
[WhiteElo "2039"]
[BlackElo "2374"]
[Result "0-1"]
[Round "08"]
[TimeControl "180+2"]
[Date "2023.05.23"]
[WhiteClock "0:00:13"]
[BlackClock "0:00:05"]

1. e4 c5 2. Nf3 d6 3. d4 Nf6 4. Nc3 cxd4 5. Nxd4 g6 6. Be3 Bg7 7. f3 a6 8. Qd2 h5 9. O-O-O Nbd7 10. Bc4 Qc7 11. Bb3 b5 12. Kb1 Bb7 13. h4 Ne5 14. Bg5 Nc4 15. Bxc4 Qxc4 16. Nb3 b4 17. Bxf6 Bxf6 18. Nd5 Bxd5 19. Qxd5 Qxd5 20. Rxd5 O-O 21. g4 hxg4 22. fxg4 Rfc8 23. h5 g5 24. Rhd1 Be5 25. Nd4 e6 26. Ra5 Rc4 27. Nf3 Rxe4 28. Nxg5 Rxg4 29. Nf3 Bf4 30. b3 Rg3 31. Rg1 Rxg1+ 32. Nxg1 Kg7 33. Ne2 Be5 34. a3 bxa3 35. Rxa3 Kf6 36. c4 Rh8 37. Rxa6 Rxh5 38. Kc2 Rh2 39. Kd3 Rh3+ 40. Kc2 Kg5 41. Ra8 f5 42. Rg8+ Kf6 43. b4 f4 44. b5 Kf7 45. Rg1 f3 46. Rf1 Ke7 47. Ng1 Rh2+ 48. Kd3 f2 49. Nf3 Rh3 50. Rxf2 Bg3 51. Rf1 Kd7 52. Ke4 Rh5 53. Rg1 d5+ 54. cxd5 exd5+ 55. Kd4 Bf2+ 56. Kd3 Bxg1 57. Nxg1 Kd6 58. Ne2 Rh3+ 59. Kd4 Rh4+ 60. Kd3 Rb4 61. Nd4 Kc5 62. Nc2 Rxb5 63. Ne3 Rb3+ 64. Kd2 Rxe3 65. Kxe3 Kc4 66. Ke2 Kc3 67. Kd1 Kd3 68. Kc1 Ke2 69. Kb2 d4 70. Kb3 d3 71. Kc4 d2 72. Kc5 d1=Q 0-1


[Site "https://www.chess.com"]

[Event "Titled Tuesday Blitz May 23 Late 2023"]
[White "Zampronha, Wladimir Camilo"]
[Black "Dudzinski, Pawel"]
[WhiteFideId "2103087"]
[BlackFideId "1117890"]
[WhiteElo "2176"]
[BlackElo "2099"]
[Result "0-1"]
[Round "08"]
[TimeControl "180+2"]
[Date "2023.05.23"]
[WhiteClock "0:00:00"]
[BlackClock "0:00:20"]

1. e4 c6 2. d4 d5 3. e5 c5 4. Nf3 Bg4 5. dxc5 Bxf3 6. Qxf3 e6 7. c4 Bxc5 8. cxd5 Qxd5 9. Qxd5 exd5 10. Nc3 Ne7 11. Bg5 Nbc6 12. Rd1 O-O-O 13. Bb5 h6 14. Bxc6 bxc6 15. Bxe7 Bxe7 16. O-O Rhe8 17. f4 f6 18. exf6 Bxf6 19. Rc1 Bxc3 20. Rxc3 Kd7 21. Kf2 Kd6 22. Rfc1 Rc8 23. Kf3 c5 24. g4 d4 25. Rc4 Re3+ 26. Kf2 Kd5 27. b4 Ke4 28. Rxc5 Rf3+ 29. Kg2 Rxc5 30. bxc5 Rxf4 31. c6 Rf8 32. c7 Rc8 33. Kf2 d3 34. Rc6 Kd5 35. Rc1 d2 36. Rd1 Rxc7 37. Rxd2+ Ke4 38. h3 g5 39. Rb2 Rc4 40. Rd2 a5 41. Rb2 a4 42. Kg2 a3 43. Rb6 Rc2+ 44. Kg3 Rxa2 45. Rxh6 Rb2 46. Ra6 Rb3+ 47. Kg2 Kd3 48. Ra5 Rb2+ 49. Kg3 a2 50. h4 Kc4 51. hxg5 Kb4 52. Rxa2 Rxa2 53. g6 Kc5 54. Kf4 Kd6 55. Kf5 Ke7 56. Kg5 Kf8 0-1


[Site "https://www.chess.com"]

[Event "Titled Tuesday Blitz May 23 Late 2023"]
[White "Perez Rodriguez, Jennifer"]
[Black "olga-belka"]
[WhiteFideId "3507831"]
[WhiteElo "2116"]
[BlackElo "2273"]
[Result "1-0"]
[Round "08"]
[TimeControl "180+2"]
[Date "2023.05.23"]
[WhiteClock "0:00:41"]
[BlackClock "0:00:00"]

1. e4 c5 2. c3 Nf6 3. e5 Nd5 4. Nf3 d6 5. d4 cxd4 6. cxd4 Nc6 7. Bc4 Nb6 8. Bxf7+ Kxf7 9. e6+ Ke8 10. d5 Ne5 11. O-O g6 12. Ng5 Bg7 13. f4 h6 14. Ne4 Nxd5 15. Qxd5 Qb6+ 16. Kh1 Ng4 17. Nbc3 Rf8 18. h3 Nf6 19. Nxf6+ Rxf6 20. f5 gxf5 21. Re1 Qc6 22. Bf4 Rg6 23. Rac1 Bxc3 24. Qxc6+ bxc6 25. Rxc3 Bxe6 26. Rxc6 Bd5 27. Rxd6 Bxg2+ 28. Kh2 Rxd6 29. Bxd6 Kd7 30. Bxe7 Be4 31. Bb4 Rg8 32. Re2 Ke6 33. Bd2 h5 34. Bf4 Rc8 35. Kg3 Rg8+ 36. Kh2 Kf6 37. h4 Rc8 38. Kg3 1-0


[Site "https://www.chess.com"]

[Event "Titled Tuesday Blitz May 23 Late 2023"]
[White "Vega Gutierrez, Sabrina"]
[Black "Cardozo Munar, Carlos Eduardo"]
[WhiteFideId "2219026"]
[BlackFideId "4409477"]
[WhiteElo "2209"]
[BlackElo "2067"]
[Result "1-0"]
[Round "08"]
[TimeControl "180+2"]
[Date "2023.05.23"]
[WhiteClock "0:00:07"]
[BlackClock "0:00:00"]

1. e4 e6 2. Qe2 a6 3. Nf3 b5 4. g3 Bb7 5. Bg2 d6 6. O-O Nd7 7. Re1 Ngf6 8. d3 Be7 9. Nbd2 c5 10. a4 Qb6 11. b3 O-O 12. Bb2 h6 13. e5 dxe5 14. Nxe5 Nxe5 15. Bxb7 Nxd3 16. Bxa8 Nxe1 17. Be4 Nxe4 18. Nxe4 Nxc2 19. Qxc2 Rd8 20. axb5 axb5 21. Qc3 Bf8 22. Nf6+ Kh8 23. Nh5 f6 24. Nxf6 b4 25. Qf3 c4 26. bxc4 e5 27. Nd5 Qc5 28. Bxe5 Qxc4 29. Ne3 Qe6 30. Qf4 b3 31. Rb1 Re8 32. Bb2 Bd6 33. Qc4 1-0


[Site "https://www.chess.com"]

[Event "Titled Tuesday Blitz May 23 Late 2023"]
[White "Sailer, Mike"]
[Black "Arencibia Monduy, Antonio"]
[WhiteFideId "2012901"]
[BlackFideId "3507939"]
[WhiteElo "2109"]
[BlackElo "2408"]
[Result "0-1"]
[Round "08"]
[TimeControl "180+2"]
[Date "2023.05.23"]
[WhiteClock "0:00:00"]
[BlackClock "0:00:03"]

1. d4 Nf6 2. Bg5 d5 3. Bxf6 exf6 4. e3 Bd6 5. c4 dxc4 6. Bxc4 O-O 7. Nc3 c6 8. a3 f5 9. Nge2 Nd7 10. O-O Nf6 11. g3 Re8 12. b4 a6 13. Qb3 Qe7 14. Nf4 Ne4 15. Nxe4 fxe4 16. d5 b5 17. Be2 cxd5 18. Qxd5 Bb7 19. Qf5 g6 20. Qh3 Be5 21. Rac1 Bb2 22. Rc5 Bxa3 23. Qh6 Bxb4 24. Rh5 gxh5 25. Nxh5 Bc3 26. Rc1 Bh8 27. Rc7 Qxc7 28. Qg5+ Kf8 29. Qh6+ Ke7 30. Qg5+ f6 31. Qh6 Bd5 32. Qxh7+ Bf7 33. Qxe4+ Qe5 34. Qb7+ Kf8 0-1


[Site "https://www.chess.com"]

[Event "Titled Tuesday Blitz May 23 Late 2023"]
[White "Chlpik, Martin"]
[Black "Bruedigam, Martin"]
[WhiteFideId "14923351"]
[BlackFideId "24608033"]
[WhiteElo "2109"]
[BlackElo "2331"]
[Result "0-1"]
[Round "08"]
[TimeControl "180+2"]
[Date "2023.05.23"]
[WhiteClock "0:01:14"]
[BlackClock "0:02:00"]

1. d4 d5 2. c4 e6 3. Nc3 dxc4 4. Nf3 a6 5. a4 Nc6 6. e4 Na5 7. Ne5 c5 8. d5 exd5 9. Qxd5 Be6 10. Qxd8+ Rxd8 11. Rb1 Nf6 12. Bd2 Bd6 13. Nd5 Nb3 14. Nxf6+ gxf6 0-1


[Site "https://www.chess.com"]

[Event "Titled Tuesday Blitz May 23 Late 2023"]
[White "Parizek, Vojtech"]
[Black "Seletsky, Grigory"]
[WhiteFideId "360996"]
[BlackFideId "14112191"]
[WhiteElo "2115"]
[BlackElo "2491"]
[Result "0-1"]
[Round "08"]
[TimeControl "180+2"]
[Date "2023.05.23"]
[WhiteClock "0:00:03"]
[BlackClock "0:00:30"]

1. e4 Nf6 2. e5 Nd5 3. d4 d6 4. c4 Nb6 5. f4 dxe5 6. fxe5 Nc6 7. Be3 Bf5 8. Nc3 e6 9. Nf3 Be7 10. Be2 O-O 11. O-O h6 12. Qd2 Bh7 13. Rad1 Qc8 14. Qe1 Rd8 15. Qg3 Kh8 16. d5 exd5 17. cxd5 Nb4 18. Nd4 Rf8 19. Bg4 Qd8 20. e6 N4xd5 21. exf7 Nxe3 22. Qxe3 Bc5 23. Kh1 Nc4 24. Qe2 Bxd4 25. Qxc4 c5 26. Nb5 Bg6 27. Nxd4 cxd4 28. Rxd4 Qe7 29. Be6 Rad8 30. Rxd8 Rxd8 31. h3 Bd3 32. Qb3 Bxf1 33. Qe3 Bc4 34. f8=Q+ Rxf8 0-1


[Site "https://www.chess.com"]

[Event "Titled Tuesday Blitz May 23 Late 2023"]
[White "Santos Flores, Alberto"]
[Black "Harish, Neeraj"]
[WhiteFideId "3601234"]
[BlackFideId "30958130"]
[WhiteElo "2235"]
[BlackElo "1879"]
[Result "1-0"]
[Round "08"]
[TimeControl "180+2"]
[Date "2023.05.23"]
[WhiteClock "0:01:00"]
[BlackClock "0:00:15"]

1. e4 e5 2. Nf3 Nc6 3. Bc4 Nf6 4. d3 Bc5 5. c3 O-O 6. O-O d6 7. Bb3 h6 8. h3 a5 9. Re1 Ba7 10. Nbd2 Be6 11. Nf1 Bxb3 12. Qxb3 Qd7 13. Ng3 a4 14. Qd1 Ne7 15. Nh4 Ng6 16. Nhf5 c6 17. Qf3 Qe6 18. h4 d5 19. h5 Ne7 20. Nxe7+ Qxe7 21. Nf5 Qe6 22. g4 dxe4 23. dxe4 Nh7 24. Kg2 Ng5 25. Bxg5 hxg5 26. Rad1 Rad8 27. a3 Bb6 28. Rxd8 Rxd8 29. Rd1 Rxd1 30. Qxd1 Kh7 31. Qd6 Qc4 32. Qxe5 f6 33. Qe7 Qg8 34. h6 Kg6 35. Qxg7+ Qxg7 36. hxg7 Kf7 37. f3 Kg8 38. Kf1 Bc5 39. Ke2 b5 40. Kd3 Bb6 41. c4 Bc5 42. Kc3 Kh7 43. Nd4 Kxg7 44. Nxc6 bxc4 45. Kxc4 Bd6 46. Kb5 Kf7 47. Kxa4 Ke6 48. b4 Bc7 49. Kb3 Kd6 50. Nd4 Ke5 51. Ne2 Bb6 52. a4 Be3 53. a5 Kd6 54. Kc4 Kc6 55. b5+ Kb7 56. Kd5 Bf2 57. Ke6 Be3 58. Kxf6 Bd2 59. a6+ Kb6 60. e5 Be3 61. e6 Kxb5 62. e7 Kxa6 63. e8=Q 1-0


[Site "https://www.chess.com"]

[Event "Titled Tuesday Blitz May 23 Late 2023"]
[White "kiwibobo"]
[Black "Petrovic, Aleksa"]
[BlackFideId "967629"]
[WhiteElo "2193"]
[BlackElo "2309"]
[Result "1-0"]
[Round "08"]
[TimeControl "180+2"]
[Date "2023.05.23"]
[WhiteClock "0:00:06"]
[BlackClock "0:00:01"]

1. e4 d5 2. exd5 Qxd5 3. Nc3 Qe5+ 4. Be2 Bg4 5. d4 Bxe2 6. Ngxe2 Qa5 7. O-O c6 8. a3 e6 9. Bf4 Nf6 10. Ng3 Be7 11. Nge4 O-O 12. Qf3 Nbd7 13. Nd6 Qb6 14. Rfd1 Qxb2 15. Rdb1 Qxc2 16. Rxb7 Rab8 17. Rxb8 Rxb8 18. Nc4 Rb3 19. Rc1 Qf5 20. Nd2 Nd5 21. Nxd5 exd5 22. Nxb3 Nf6 23. Bg3 Qc8 24. h3 Ne4 25. Na5 Qa6 26. Nxc6 Bf8 27. Ne5 Qe6 28. Rc6 Qe8 29. Rc7 Nf6 30. Rxf7 Bd6 31. Rxa7 Bxe5 32. dxe5 Ne4 33. e6 Qxe6 34. Ra8+ 1-0


[Site "https://www.chess.com"]

[Event "Titled Tuesday Blitz May 23 Late 2023"]
[White "zsizsi99"]
[Black "ritanovikova"]
[WhiteElo "2380"]
[BlackElo "2175"]
[Result "1-0"]
[Round "08"]
[TimeControl "180+2"]
[Date "2023.05.23"]
[WhiteClock "0:01:10"]
[BlackClock "0:00:13"]

1. e4 d5 2. exd5 Qxd5 3. Nc3 Qd6 4. d4 Nf6 5. Nf3 Bf5 6. Ne5 Nbd7 7. Bf4 Nxe5 8. Bxe5 Qd7 9. Qf3 c6 10. O-O-O e6 11. h3 h5 12. Bc4 Bd6 13. Bxf6 gxf6 14. g4 Bg6 15. Qxf6 Rg8 16. gxh5 Be7 17. Qf3 Bf5 18. d5 exd5 19. Nxd5 cxd5 20. Rxd5 Qc7 21. Bb5+ Kf8 22. Qxf5 Rc8 23. Rd7 Qc5 24. Qxc5 Bxc5 25. Rxb7 Bxf2 26. Rf1 Be3+ 27. Kb1 Rg7 28. Bd3 Kg8 29. b3 a5 30. Bc4 Rf8 31. c3 Kh7 32. Rfxf7 Rgxf7 33. Rxf7+ Rxf7 34. Bxf7 Kh6 35. b4 axb4 36. cxb4 Bd2 37. b5 Kg7 38. b6 Kxf7 39. a4 Bf4 40. a5 Bd2 41. a6 Ba5 42. a7 1-0


[Site "https://www.chess.com"]

[Event "Titled Tuesday Blitz May 23 Late 2023"]
[White "Gerbelli Neto, Eduardo"]
[Black "Cagara, Paulina"]
[WhiteFideId "2103281"]
[BlackFideId "1124870"]
[WhiteElo "2178"]
[BlackElo "1967"]
[Result "1-0"]
[Round "08"]
[TimeControl "180+2"]
[Date "2023.05.23"]
[WhiteClock "0:00:20"]
[BlackClock "0:00:00"]

1. e4 c6 2. d4 d5 3. exd5 cxd5 4. c4 Nf6 5. Nc3 Nc6 6. Nf3 Bg4 7. cxd5 Nxd5 8. Qb3 Bxf3 9. gxf3 e6 10. Qxb7 Nxd4 11. Bb5+ Nxb5 12. Qc6+ Ke7 13. Qxb5 Nxc3 14. bxc3 Rb8 15. Qc5+ Ke8 16. Qc6+ Qd7 17. Qxd7+ Kxd7 18. Be3 a5 19. O-O-O+ Kc6 20. Kc2 Bd6 21. Rd4 Rb5 22. Rhd1 Be5 23. Rc4+ Kb7 24. Rd7+ Kb8 25. Rxf7 Rd8 26. Re7 h5 27. Rxe6 Rf8 28. f4 Bf6 29. Rcc6 Kb7 30. Ra6 Kc7 31. Ra7+ Rb7 32. Bb6+ Kb8 33. Rxb7+ Kxb7 34. Bxa5 Rc8 35. Bb4 Rc4 36. f5 Rf4 37. Kb3 Rxf2 38. a4 Rxh2 39. a5 Rh1 40. a6+ Ka8 41. Bc5 Rb1+ 42. Kc4 Rd1 43. Re4 Kb8 44. a7+ Kb7 45. Re8 Ra1 46. Rb8+ Kc7 47. a8=Q Rxa8 48. Rxa8 h4 49. Kd5 h3 50. Bd6+ Kb7 51. Rb8+ Ka7 52. c4 Bc3 53. Kc6 Bd4 54. Rb3 1-0


[Site "https://www.chess.com"]

[Event "Titled Tuesday Blitz May 23 Late 2023"]
[White "Schuster, Karsten"]
[Black "Matute Escobar, Roxanny"]
[WhiteFideId "4611071"]
[BlackFideId "3926028"]
[WhiteElo "2254"]
[BlackElo "1844"]
[Result "0-1"]
[Round "08"]
[TimeControl "180+2"]
[Date "2023.05.23"]
[WhiteClock "0:01:44"]
[BlackClock "0:01:00"]

1. Nf3 Nf6 2. b3 g6 3. Bb2 Bg7 4. e3 O-O 5. Be2 c5 6. O-O Nc6 7. c4 d5 8. cxd5 Qxd5 9. Nc3 Qd8 10. Qc1 Bf5 11. Rd1 Bd3 12. Ne1 Nb4 13. Nxd3 Nxd3 14. Bxd3 Qxd3 15. Na4 b6 16. Qc3 Rad8 17. h3 Qf5 18. d3 Rc8 19. Qc2 b5 20. Nc3 c4 21. dxc4 Qxc2 0-1


[Site "https://www.chess.com"]

[Event "Titled Tuesday Blitz May 23 Late 2023"]
[White "Hernandez Leon, Alberto"]
[Black "Hartikainen, Jarmo"]
[WhiteFideId "2272555"]
[BlackFideId "503134"]
[WhiteElo "2239"]
[BlackElo "2095"]
[Result "1-0"]
[Round "08"]
[TimeControl "180+2"]
[Date "2023.05.23"]
[WhiteClock "0:00:07"]
[BlackClock "0:00:00"]

1. d4 Nf6 2. c4 e6 3. Nf3 b6 4. g3 Bb7 5. Bg2 d5 6. O-O Be7 7. cxd5 exd5 8. Nc3 O-O 9. Ne5 Nbd7 10. Qa4 c5 11. Nxd7 Nxd7 12. Nxd5 Kh8 13. Bf4 Nf6 14. Nxf6 Bxg2 15. Kxg2 Bxf6 16. dxc5 Bxb2 17. Rad1 Qf6 18. c6 Be5 19. Bxe5 Qxe5 20. Qd4 Qxd4 21. Rxd4 Rac8 22. Rc1 Rc7 23. Rd7 Rfc8 24. Rcd1 g6 25. Rxc7 Rxc7 26. Rd7 Rxc6 27. Rxf7 a5 28. Rb7 a4 29. Kf3 Kg8 30. e4 h5 31. h4 a3 32. Kf4 Rc2 33. f3 Rxa2 34. Rxb6 Kf7 35. Ra6 Ra1 36. Kg5 a2 37. g4 Rf1 38. Rxa2 Rxf3 39. Ra7+ Ke6 40. Ra6+ Ke5 41. Rxg6 hxg4 42. Kxg4 Rf4+ 43. Kg5 Rxe4 44. h5 Re1 45. Ra6 Rg1+ 46. Kh6 Kf5 47. Ra8 Kf6 48. Rf8+ Ke7 49. Rf2 Ke6 50. Kh7 Ke7 51. h6 Ke6 52. Rf8 Ke7 53. Rg8 Rh1 54. Kg7 Rg1+ 55. Kh8 Rh1 56. h7 Rh2 57. Rg3 Rh4 58. Kg7 1-0


[Site "https://www.chess.com"]

[Event "Titled Tuesday Blitz May 23 Late 2023"]
[White "Camilla_Lee"]
[Black "Magallanes, Rey Jomar"]
[BlackFideId "5205948"]
[WhiteElo "2625"]
[BlackElo "2268"]
[Result "1-0"]
[Round "08"]
[TimeControl "180+2"]
[Date "2023.05.23"]
[WhiteClock "0:01:27"]
[BlackClock "0:01:07"]

1. e4 c5 2. Nf3 d6 3. d4 cxd4 4. Nxd4 Nf6 5. Nc3 a6 6. Bc4 e6 7. O-O Be7 8. Bb3 O-O 9. f4 Nbd7 10. f5 Nc5 11. fxe6 fxe6 12. Bg5 Nxb3 13. axb3 d5 14. exd5 Nxd5 15. Rxf8+ Qxf8 16. Bxe7 Qxe7 17. Qe2 Qc5 18. Nxd5 Qxd4+ 19. Ne3 Qxb2 20. Rd1 Qf6 21. Ng4 Qf5 22. Rd8+ Kf7 23. Ne5+ Ke7 24. Rg8 Qf6 25. Qe3 b6 26. Qd4 Bb7 27. Qb4# 1-0


[Site "https://www.chess.com"]